 Dungeon Crawl Stone Soup version 0.26-a0-682-g294304f6e8 (webtiles) character file.

Game seed: 6288556886628006878

49 Decritt the Gusty (level 3, 0/28 HPs)
             Began as a Tengu Air Elementalist on Oct 21, 2020.
             Succumbed to a kobold's poison
             ... on level 2 of the Dungeon.
             The game lasted 00:04:17 (1263 turns).

Decritt the Gusty (Tengu Air Elementalist)          Turns: 1263, Time: 00:04:18

Health: 0/28       AC: 21    Str:  8    XL:     3   Next: 75%
Magic:  7/8        EV:  2    Int: 16    God:
Gold:   0          SH:  0    Dex: 14    Spells: 8/8 levels left

rFire    + . .     SeeInvis .   g - +0 dagger
rCold    + . .     Faith    .   (no shield)
rNeg     + + +     Spirit   .   (armour currently unavailable)
rPois    +         Reflect  .   (helmet currently unavailable)
rElec    +         Harm     .   (cloak currently unavailable)
rCorr    +         Rampage  .   (gloves currently unavailable)
MR       .....     NoTele   +   (boots unavailable)
Stlth    ++........             (no amulet)
HPRegen  0.09/turn              (no ring)
MPRegen  0.11/turn              (no ring)

@: mighty, lethally poisoned (0 -> -3), tree-form (expiring), resistant, hasted,
very quick
A: no striking features
a: no special abilities


You were on level 2 of the Dungeon.
You were a tree.
You visited 1 branch of the dungeon, and saw 2 of its levels.

Inventory:

Hand Weapons
 g - a +0 dagger (weapon)
Armour
 a - a +0 robe
 j - a +0 leather armour (melded)
Scrolls
 f - a scroll of teleportation
 r - a scroll of identify


   Skills:
 + Level 0.0 Fighting
 - Level 2.1 Dodging
 - Level 2.0 Stealth
 - Level 3.0 Spellcasting
   Level 2.4 Conjurations
   Level 4.5 Air Magic


You had 8 spell levels left.
You didn't know any spells.
Your spell library contained the following spells:

 Spells                   Type           Power        Failure   Level
 Shock                    Conj/Air       ##..         4%          1
 Swiftness                Air            ###.....     4%          2
 Static Discharge         Conj/Air       ##......     13%         3
 Airstrike                Air            ###.......   28%         4
 Lightning Bolt           Conj/Air       ##........   77%         5


Dungeon Overview and Level Annotations

Branches:
Dungeon (2/15)

Altars:


Innate Abilities, Weirdness & Mutations

((You have a beak for a mouth.))
((You have claws for feet.))


Message History

There is a lethal amount of poison in your body!
There is a lethal amount of poison in your body!
* * * LOW HITPOINT WARNING * * *
You feel sick.
* * * LOW HITPOINT WARNING * * *
You feel sick.
* * * LOW HITPOINT WARNING * * *
You feel sick.
* * * LOW HITPOINT WARNING * * *
You feel sick.
* * * LOW HITPOINT WARNING * * *
You feel sick.
Unknown command.
Your transformation is almost over.
* * * LOW HITPOINT WARNING * * *
You feel sick.
Unknown command.
Unknown command.
Unknown command.
You die...

#......# #......#
####.##.#.# ##
#.......#.###....
####.##.#.....K..$..
#.......#?##†# #
#....(...(.#
#.##.#††#(.#(####
#......<#♣.#.#
####.##......#
#.......###
#######.# ....
#.#### #. #. #.


There were no monsters in sight!

Vanquished Creatures
  2 adders (D:2)
  An ooze (D:1)
  7 bats
  A giant cockroach (D:1)
  2 goblins (D:1)
  4 hobgoblins
  3 kobolds
  A frilled lizard (D:1)
  5 rats
26 creatures vanquished.

Notes
Turn   | Place    | Note
-------+----------+-------------------------------------------
     0 | D:1      | Decritt the Tengu Air Elementalist began the quest for the
                  | Orb.
     0 | D:1      | Reached XP level 1. HP: 10/10 MP: 4/4
   155 | D:1      | Reached XP level 2. HP: 15/15 MP: 2/6
   944 | D:1      | Reached XP level 3. HP: 19/19 MP: 5/8
  1251 | D:2      | HP: 1/28 [poisoned by a kobold]
  1257 | D:2      | HP: 1/28 [poisoned by a kobold]
  1263 | D:2      | Succumbed to a kobold's poison

Illustrated notes

Levels and vault maps discovered:
D:1:      roderic_crossed_star, layout_loops_ring
D:2:      layout_loops_cross, uniq_crazy_yiuf_cottage

Skill      XL: |  1  2  3 |
---------------+----------+-----
Spellcasting   | 3 |  3.0
Conjurations   | 2 |  2.4
Dodging        | |  2.1
Stealth        | |  2.0
Air Magic      | |  4.5

Action                   || total
-------------------------++-------
Melee: Whip              ||     9
       Peck              ||     4
       Kick              ||     3
       Dagger            ||    11
 Cast: Shock             ||    46
  Use: Potion            ||     4
       Scroll            ||     3
Armor: Robe              ||     7
       Leather armour    ||     7
Dodge: Dodged            ||    31

Table legend: (Time is in decaauts)
 A = Elapsed time spent in this place.
 B = Non-inter-level travel time spent in this place.
 C = Inter-level travel time spent in this place.
 D = Time resting spent in this place.
 E = Time spent auto-exploring this place.
 F = Levels seen in this place.
 G = Mean time per level.
                   A        B        C        D        E       F      G
               +--------+--------+--------+--------+--------+-----+--------+
         Total |   1251 |   1230 |     21 |      0 |   1062 |   2 |  625.5 |
       Dungeon |   1251 |   1230 |     21 |      0 |   1062 |   2 |  625.5 |
               +--------+--------+--------+--------+--------+-----+--------+

Top non-repeatable levels by time:
     D:1: 1101 daAuts
     D:2: 150 daAuts
